 Dungeon Crawl Stone Soup version 0.28.0-47-ge53b351184 (webtiles) character file.

Game seed: 3793063874788733780

136 Icepheonix32 the Chiller (level 4, -2/30 HPs)
             Began as a Demonspawn Ice Elementalist on May 5, 2022.
             Slain by Grinder (4 damage)
             ... while paralysed by Grinder
             ... on level 3 of the Dungeon.
             The game lasted 00:05:24 (2495 turns).

Icepheonix32 the Chiller (DsIE)                     Turns: 2495, Time: 00:05:24

Health: -2/30      AC:  5    Str:  8    XL:     4   Next: 98%
Magic:  7/7        EV:  2    Int: 18    God:
Gold:   89         SH:  0    Dex: 14    Spells: 3/7 levels left

rFire   . . .      SeeInvis .   o - +2 dagger (drain)
rCold   . . .      Faith    .   (no shield)
rNeg    . . .      Spirit   .   a - +0 robe
rPois   .          Reflect  .   s - +0 helmet
rElec   .          Harm     .   (no cloak)
rCorr   .          Rampage  .   e - +1 Delatra's gloves {ID++}
Will    .....                   (no boots)
Stlth   ++........              (no amulet)
HPRegen 0.10/turn               (no ring)
MPRegen 0.20/turn               (no ring)

@: paralysed, on berserk cooldown, slowed
A: magic regeneration, sturdy frame 1, MP-powered wands
a: no special abilities


You were on level 3 of the Dungeon.
You visited 1 branch of the dungeon, and saw 3 of its levels.

You collected 89 gold pieces.

Inventory:

Hand Weapons
 c - a +0 dagger
 h - a +2 dagger of speed
 i - a +0 spear
 l - a +0 long sword
 o - a +2 dagger of draining (weapon)
 p - a +0 trident
Missiles
 m - 2 poisoned darts
 r - 2 javelins
Armour
 a - a +0 robe (worn)
 e - the +1 Delatra's gloves (worn) {ID++}
   (You found it on level 2 of the Dungeon)

   It heals its wearer when they drink unknown potions.
   It restores its wearer's MP when they read unknown scrolls.
 s - a +0 helmet (worn)
Wands
 n - a wand of polymorph (10)
Scrolls
 b - 2 scrolls of identify {unknown}
 f - a scroll of teleportation {unknown}
 g - 2 scrolls of fear {unknown}
 j - a scroll of fog {unknown}
Potions
 d - a potion of berserk rage
 k - a potion of haste {unknown}
 q - a potion of lignification {unknown}
 t - a potion of degeneration {unknown}
 u - a potion of flight {unknown}


   Skills:
 - Level 1.7 Dodging
 - Level 1.7 Stealth
 - Level 2.0 Spellcasting
 + Level 5.8 Ice Magic


You had 3 spell levels left.
You knew the following spells:

 Your Spells              Type           Power      Damage    Failure   Level
a - Freeze                Ice            88%        1d10      1%          1
b - Ozocubu's Armour      Ice            22%        N/A       4%          3

Your spell library contained the following spells:

 Spells                   Type           Power      Damage    Failure   Level
 Frozen Ramparts          Ice            44%        1d6       4%          3
 Hailstorm                Conj/Ice       12%        3d5       50%         4


Dungeon Overview and Level Annotations

Branches:
Dungeon (3/15)

Altars:
Kikubaaqudgha

Annotations:
D:2 Terence
D:3 Grinder


Innate Abilities, Weirdness & Mutations

You regenerate magic rapidly.
Your movements are slightly less encumbered by armour. (ER -2)
You expend magic power (3 MP) to strengthen your wands.


Message History

Grinder is moderately wounded.
You puncture Grinder!
Grinder is heavily wounded.
Grinder hits you.
You writhe in agony.
You barely miss Grinder.
Grinder is heavily wounded.
Grinder hits you.
You writhe in agony.
You hit Grinder.
Grinder is severely wounded.
You closely miss Grinder.
Grinder is severely wounded.
Grinder closely misses you.
You puncture Grinder!
Grinder is almost dead.
Grinder gestures at you. Pain shoots through your body!
You closely miss Grinder.
Grinder is almost dead.
You barely miss Grinder.
Grinder is almost dead.
Grinder closely misses you.
You barely miss Grinder. Your punch misses Grinder.
Grinder is almost dead.
Grinder gestures at you. Pain shoots through your body!
* * * LOW HITPOINT WARNING * * *
Unknown command.
You hit Grinder.
Grinder is almost dead.
You closely miss Grinder.
Grinder is almost dead.
Grinder gestures at you.
You suddenly lose the ability to move!
You are no longer berserk.
You feel yourself slow down. Grinder hits you.
* * * LOW HITPOINT WARNING * * *
You writhe in agony.
* * * LOW HITPOINT WARNING * * *
Grinder hits you.
You die...

#...................
......##...<............
......###...............
......#(................
......#.##..............
........##..............
........##..............
#..(5##..............
#@##..............
#)##..)...........
#.##..............
#.##...).......)..
#.##).............
#..)..............
####..............
#.................
#.######....#.#.##


You could see Grinder.

Vanquished Creatures
  Jessica (D:3)
  Natasha (D:3)
  Robin (D:3)
  An adder (D:3)
  2 dart slugs (D:2)
  3 orcs (D:3)
  An endoplasm (D:1)
  5 giant cockroaches
  8 hobgoblins
  A jackal (D:3)
  4 kobolds
  2 quokkas
  5 ball pythons
  6 bats
  9 goblins
  5 rats
55 creatures vanquished.

Notes
Turn   | Place    | Note
-------+----------+-------------------------------------------
     0 | D:1      | Icepheonix32 the Demonspawn Ice Elementalist began the
                  | quest for the Orb.
     0 | D:1      | Reached XP level 1. HP: 13/13 MP: 3/3
   208 | D:1      | Found a faded altar of an unknown god.
   332 | D:1      | Reached skill level 4 in Ice Magic
   343 | D:1      | Gained mutation: You regenerate magic rapidly. [demonic
                  | ancestry]
   343 | D:1      | Reached XP level 2. HP: 18/19 MP: 3/5
  1307 | D:2      | Gained mutation: Your movements are slightly less
                  | encumbered by armour. (ER -2) [demonic ancestry]
  1307 | D:2      | Reached XP level 3. HP: 22/24 MP: 6/6
  1335 | D:2      | Found the +1 Delatra's gloves {ID++}
  1336 | D:2      | Noticed Terence
  1339 | D:2      | Gained mutation: You expend magic power (3 MP) to
                  | strengthen your wands. [potion of mutation]
  1652 | D:3      | Learned a level 3 spell: Ozocubu's Armour
  1722 | D:3      | Noticed Jessica
  1738 | D:3      | Killed Jessica
  1739 | D:3      | Reached skill level 5 in Ice Magic
  1850 | D:3      | Noticed Natasha
  1858 | D:3      | Killed Natasha
  1859 | D:3      | Reached XP level 4. HP: 24/30 MP: 2/7
  2245 | D:3      | Found an ancient bone altar of Kikubaaqudgha.
  2314 | D:3      | Noticed Robin
  2319 | D:3      | Killed Robin
  2454 | D:3      | Noticed Grinder
  2470 | D:3      | Paralysed by Grinder for 7 turns
  2493 | D:3      | Paralysed by Grinder for 6 turns
  2495 | D:3      | Slain by Grinder

Illustrated notes

Levels and vault maps discovered:
D:1:      dpeg_arrival_rooms_b, layout_rooms,
          hellmonk_ecumenical_altar_pennies_from_heaven, hex_large
D:2:      layout_basic, uniq_terence
D:3:      layout_basic, nicolae_kikubaaqudgha_miasma_corner, st_stairs_5,
          uniq_jessica, uniq_natasha, uniq_robin, uniq_grinder

Skill      XL: |  1  2  3 |
---------------+----------+-----
Ice Magic      | 4 5 |  5.8
Dodging        | |  1.7
Stealth        | |  1.7
Spellcasting   | |  2.0

Action                   |  1- 3 |  4- 6 || total
-------------------------+-------+-------++-------
Melee: Dagger            |    54 |    37 ||    91
       Unarmed           |     7 |       ||     7
Throw: Dart              |       |     6 ||     6
       Javelin           |       |     5 ||     5
 Cast: Freeze            |    34 |    15 ||    49
       Ozocubu's Armour  |       |     1 ||     1
  Use: Potion            |     1 |     1 ||     2
 Stab: Sleeping          |     3 |       ||     3
Armor: Robe              |    18 |     9 ||    27
       Skin              |     1 |       ||     1
Dodge: Dodged            |    60 |    23 ||    83
